 Dungeon Crawl Stone Soup version 0.31.0-11-ge490571c62 (webtiles) character file.

Game seed: 11442599670114468583

93 shadizar the Trooper (level 4, -6/29 HPs)
             Began as a Gargoyle Monk on Feb 3, 2024.
             Mangled by a gnoll
             ... wielding a +0 whip
              (7 damage)
             ... on level 3 of the Dungeon.
             The game lasted 00:01:53 (1526 turns).

shadizar the Trooper (Gargoyle Monk)                Turns: 1526, Time: 00:01:54

Health: -6/29      AC: 13    Str: 16    XL:     4   Next: 61%
Magic:  4/4        EV:  8    Int: 11    God:
Gold:   84         SH:  0    Dex: 12    Spells: 3/3 levels left

rFire   + . .        s - +0 flail (heavy)
rCold   + . .        d - orb {light}
rNeg    + . .        n - +0 chain mail
rPois   ∞            (no helmet)
rElec   +            e - scarf {rC+ rF+}
rCorr   .            (no gloves)
SInv    .            m - +0 pair of boots
Will    .....        (no amulet) Stlth
                     (no ring)
HPRegen 0.24/turn    (no ring)
MPRegen 0.09/turn

%: no passive effects
@: glowing
A: sickness immunity, AC +3, negative energy resistance 1, electricity
resistance, torment resistance 1, petrification resistance
a: no special abilities


You were on level 3 of the Dungeon.
You visited 1 branch of the dungeon, and saw 3 of its levels.

You collected 84 gold pieces.

Inventory:

Hand Weapons
 a - a +0 mace
 s - a +0 heavy flail (weapon)
Armour
 b - a +0 robe
 d - an orb of light (worn)
 e - a scarf of resistance (worn)
 m - a +0 pair of boots (worn)
 n - a +0 chain mail (worn)
Scrolls
 h - 3 scrolls of identify {unknown}
 i - a scroll of blinking {unknown}
 j - a scroll of fear {unknown}
 o - a scroll of noise {unknown}
 r - a scroll of amnesia {unknown}
 v - a scroll of teleportation {unknown}
Potions
 c - a potion of ambrosia
 f - 2 potions of curing {unknown}
 g - a potion of attraction {unknown}
 k - 2 potions of enlightenment {unknown}
 l - a potion of brilliance {unknown}
 p - a potion of haste {unknown}
 q - a potion of heal wounds {unknown}
 t - 2 potions of mutation {unknown}
 u - a potion of cancellation {unknown}


   Skills:
 + Level 4.0 Fighting
 + Level 3.6 Maces & Flails
 + Level 2.0 Armour
 + Level 3.0 Dodging


You had 3 spell levels left.
You didn't know any spells.
Your spell library contained the following spells:

 Spells                   Type           Power      Damage    Failure   Level
 Call Imp                 Summ           0%         N/A       100%        2
 Summon Hydra             Summ           0%         N/A       100%        7
 Sublimation of Blood     Necr           Unusable   N/A       N/A         2

Dungeon Overview and Level Annotations

Branches:
Dungeon (3/15)

Altars:


Innate Abilities, Weirdness & Mutations

You are immune to sickness and miasma.
Your stone body is resilient. (AC +3)
You are immune to poison.
You resist negative energy. (rN+)
You are resistant to electric shocks. (rElec)
You are resistant to unholy torment.
You are immune to petrification.


Message History

There is a stone staircase leading down here.
You climb downwards.
There is a stone staircase leading up here.
Sorry, I don't know how to get there.
Found 2 stones.
A gnoll comes into view. It is wielding a +0 halberd.
The gnoll shouts!
You hear a shout!
A gnoll comes into view. It is wielding a +0 whip.
A gnoll comes into view. It is wielding a +0 flail.
The gnoll shouts!
The gnoll hits you with a +0 halberd!
You hit the gnoll but do no damage. The gnoll hits you with a +0 halberd!
A kobold comes into view. It is wielding a +0 dagger.
The kobold shouts!
You hit the gnoll.
The gnoll is moderately wounded.
The gnoll barely misses you. The gnoll hits you with a +0 halberd.
You are too injured to fight recklessly!
You are too injured to fight recklessly!
You are too injured to fight recklessly!
You are too injured to fight recklessly!
You are too injured to fight recklessly!
You are too injured to fight recklessly!
You are too injured to fight recklessly!
You are too injured to fight recklessly!
You are too injured to fight recklessly!
You are too injured to fight recklessly!
You are too injured to fight recklessly!
You are too injured to fight recklessly!
You are too injured to fight recklessly!
You are too injured to fight recklessly!
Unknown command.
You are too injured to fight recklessly!
Unknown command.
You hit the gnoll.
The gnoll is severely wounded.
The gnoll hits you with a +0 halberd!
* * * LOW HITPOINT WARNING * * *
The gnoll hits you with a +0 whip!
You die...

......## .(.. #......
... #..#..###.#
#..#..#...#
#.##.###..#..#...#####.
#.....<..#............
##...........#..#####
#......#.##..#..#
..##.####.##..#@.# . #.
#.##..#gg# # ......#g.#
#.###.#..# #.# #.#..#
#.# .#K.# #..# ...#


You could see 3 gnolls and a kobold.

Vanquished Creatures
  4 adders (D:2)
  A dart slug (D:1)
  A ribbon worm (D:2)
  An orc (D:2)
  4 endoplasms (D:2)
  4 giant cockroaches
  3 goblins
  4 hobgoblins
  4 jackals (D:2)
  3 quokkas
  2 ball pythons (D:2)
  4 bats
  5 frilled lizards
  3 kobolds
  7 rats
50 creatures vanquished.

Notes
Turn   | Place    | Note
-------+----------+-------------------------------------------
     0 | D:1      | shadizar the Gargoyle Monk began the quest for the Orb.
     0 | D:1      | Reached XP level 1. HP: 14/14 MP: 1/1
   289 | D:1      | Reached XP level 2. HP: 19/19 MP: 2/2
   382 | D:1      | Reached skill level 1 in Armour
   744 | D:1      | Reached XP level 3. HP: 22/23 MP: 3/3
  1033 | D:2      | Reached XP level 4. HP: 28/29 MP: 4/4
  1401 | D:2      | Reached skill level 4 in Fighting
  1526 | D:3      | HP: 1/29 [gnoll/+0 halberd (12)]
  1526 | D:3      | Mangled by a gnoll

Illustrated notes

Levels and vault maps discovered:
D:1:      amcnicky_arrival_wind_blow, layout_basic
D:2:      layout_loops_cross, kennysheep_generic_room_7
D:3:      layout_loops_ring, hellmonk_ecumenical_altar_crossroads

Skill      XL: |  1  2  3  4 |
---------------+-------------+-----
Armour         | 1 2 |  2.0
Fighting       | 4 |  4.0
Dodging        | 3 |  3.0
Maces & Flails | |  3.6

Action                     |  1- 3 |  4- 6 || total
---------------------------+-------+-------++-------
  Melee: Mace              |    80 |    17 ||    97
         Flail             |       |    29 ||    29
 Armour: Robe              |    15 |       ||    15
         Chain mail        |    38 |    70 ||   108
  Dodge: Dodged            |    45 |    39 ||    84
